 Dungeon Crawl Stone Soup version 0.27-a0-412-g8dd771eca2 (webtiles) character file.

Game seed: 5146716707996409669

9593 jiml777 the Thaumaturge (level 11, -6/72 HPs)
             Began as a Demonspawn Air Elementalist on Feb 23, 2021.
             Was an Initiate of Sif Muna.
             Mangled by an eight-headed hydra (10 damage)
             ... on level 1 of the Lair of Beasts.
             The game lasted 01:49:17 (13874 turns).

jiml777 the Thaumaturge (DsAE)                     Turns: 13874, Time: 01:49:19

Health: -6/72      AC: 16    Str:  8    XL:     11   Next: 25%
Magic:  2/24       EV: 13    Int: 23    God:    Sif Muna [......]
Gold:   612        SH:  0    Dex: 14    Spells: 13/28 levels left

rFire    . . .     SeeInvis .   u - +4 spear of Hyny {vorpal, +Rage rPois Will+ Int+3}
rCold    + . .     Faith    .   (no shield)
rNeg     . . .     Spirit   .   E - +2 robe {rC+}
rPois    +         Reflect  .   (helmet restricted)
rElec    .         Harm     .   (no cloak)
rCorr    +         Rampage  .   c - +2 pair of gloves
Will     +....                  H - +2 pair of boots
Stlth    +++.......             (no amulet)
HPRegen  0.22/turn              p - +4 ring of protection
MPRegen  0.19/turn              w - ring of resist corrosion

@: no status effects
A: horns 2, icy blue scales 1, spiny 1, demonic magic 1
a: Renounce Religion, Evoke Berserk Rage


You were on level 1 of the Lair of Beasts.
You worshipped Sif Muna.
Sif Muna was noncommittal.
You visited 3 branches of the dungeon, and saw 11 of its levels.

You collected 612 gold pieces.

Inventory:

Hand Weapons
 f - a +0 dagger
 u - the +4 spear of Hyny (weapon) {vorpal, +Rage rPois Will+ Int+3}
   (You found it on level 4 of the Dungeon)

   It inflicts extra damage upon your enemies.
   It affects your intelligence (+3).
   It protects you from poison.
   It affects your willpower, your defense against some magical effects.
   It lets you go berserk.
 J - a +1 flail
Missiles
 e - 69 sling bullets
 g - 22 poisoned darts
 h - 235 stones
 s - 177 arrows
 t - 74 bolts
Armour
 a - a +0 robe
 c - a +2 pair of gloves (worn)
 D - +0 steam dragon scales
 E - a +2 robe of cold resistance (worn)
 H - a +2 pair of boots (worn)
Jewellery
 j - a ring of flight
 o - a ring of protection from cold
 p - a +4 ring of protection (left hand)
 w - a ring of resist corrosion (right hand)
 A - a ring of fire
Wands
 k - a wand of charming (25)
 r - a wand of flame (19)
Scrolls
 b - a scroll of fog
 i - 2 scrolls of enchant armour
 l - 8 scrolls of teleportation
 m - 2 scrolls of amnesia
 q - 9 scrolls of identify
 C - 2 scrolls of blinking
Potions
 z - a potion of curing
 B - 3 potions of haste
 G - 2 potions of mutation


   Skills:
 + Level 1.8 Fighting
 + Level 2.4 Polearms
 + Level 3.3 Dodging
 + Level 4.9 Stealth
 + Level 9.3 Spellcasting
 + Level 5.9 Conjurations
 + Level 8.4 Air Magic
 * Level 7.9 Evocations


You had 13 spell levels left.
You knew the following spells:

 Your Spells              Type           Power        Failure   Level
a - Shock                 Conj/Air       100%         1%          1
b - Swiftness             Air            49%          1%          2
c - Static Discharge      Conj/Air       43%          1%          3
d - Airstrike             Air            24%          1%          4
e - Lightning Bolt        Conj/Air       21%          9%          5

Your spell library contained the following spells:

 Spells                   Type           Power        Failure   Level
 Magic Dart               Conj           100%         1%          1
 Searing Ray              Conj           74%          1%          2
 Dazzling Flash           Conj/Hex       48%          5%          3
 Stone Arrow              Conj/Erth      48%          5%          3
 Corona                   Hex            11%          6%          1
 Sandblast                Erth           20%          6%          1
 Ensorcelled Hibernation  Hex/Ice        20%          10%         2
 Passwall                 Tmut/Erth      8%           10%         2
 Confusing Touch          Hex            10%          19%         3
 Tukima's Dance           Hex            10%          19%         3
 Fulminant Prism          Conj/Hex       12%          19%         4
 Iskenderun's Mystic Bla  Conj/Tloc      24%          19%         4
 Petrify                  Tmut/Erth      10%          52%         4
 Lee's Rapid Deconstruct  Erth           5%           86%         5


Dungeon Overview and Level Annotations

Branches:
Dungeon (9/15)             Temple (1/1) D:6            Lair (1/6) D:9
    Orc: D:9-12

Altars:
Ashenzari
Cheibriados
Fedhas
Gozag
Kikubaaqudgha
Makhleb
Nemelex Xobeh
Qazlal
Sif Muna
Trog
Vehumet
Wu Jian
Yredelemnul
The Shining One

Shops:
D:8 *


Innate Abilities, Weirdness & Mutations

You have a pair of horns on your head.
You are partially covered in icy blue scales. (AC +2)
You are partially covered in sharp spines.
Spells you cast may paralyse adjacent enemies.


Message History

Aim: an eight-headed hydra (heavily wounded, 9% to evade)
The zap hits the eight-headed hydra.
The eight-headed hydra is severely wounded.
Malevolent energies surge around you. The eight-headed hydra bites you! x2
The eight-headed hydra barely misses you.
The eight-headed hydra bites you! The eight-headed hydra bites you.
The eight-headed hydra bites you!
The eight-headed hydra closely misses you. x2
Casting: Shock (safe; 1% risk of failure)
Confirm with . or Enter, or press ? or * to list all spells.
Aiming: Shock (safe; 1% risk of failure)
Press: ? - help, Shift-Dir - straight line, f/p - eight-headed hydra
Aim: an eight-headed hydra (severely wounded, 9% to evade)
The zap hits the eight-headed hydra.
The eight-headed hydra is severely wounded.
Malevolent energies surge around you.
The eight-headed hydra is struck by your spines.
The eight-headed hydra bites you but does no damage.
The eight-headed hydra closely misses you.
The eight-headed hydra bites you.
The eight-headed hydra bites you but does no damage. x3
The eight-headed hydra bites you!
* * * LOW HITPOINT WARNING * * *
The eight-headed hydra bites you but does no damage.
Casting: Shock (safe; 1% risk of failure)
Confirm with . or Enter, or press ? or * to list all spells.
Aiming: Shock (safe; 1% risk of failure)
Press: ? - help, Shift-Dir - straight line, f/p - eight-headed hydra
Aim: an eight-headed hydra (severely wounded, 9% to evade)
The zap hits the eight-headed hydra.
The eight-headed hydra is almost dead.
Malevolent energies surge around you.
The eight-headed hydra is struck by your spines.
The eight-headed hydra bites you but does no damage. x2
The eight-headed hydra bites you!
* * * LOW HITPOINT WARNING * * *
The eight-headed hydra bites you but does no damage.
The eight-headed hydra closely misses you.
The eight-headed hydra bites you!
You die...

## P..F...#...
#.###.#.#......
.?......Y.#...
...........#
#†#........ #†........
#....# ###.## ##@#
##D## #..# ..#######
#.#.##........# #.##..#
#<## #.#...# #..#####.
##.#...# #........
#...#.#########........
#...............#.###..


You could see an eight-headed hydra.

Vanquished Creatures
  An oklob plant (D:9)
  A centaur zombie (D:6)
  Maggie (D:6)
  2 komodo dragons
  9 blink frogs (Lair:1)
  2 wyverns (Lair:1)
  8 yaks (Lair:1)
  The ghost of garrulousMonolith the Stinger, an amateur OpVM (D:3)
  2 water moccasins
  An orc warrior (D:7)
  2 ice beasts
  A sky beast (D:5)
  2 black bears
  6 ogres
  5 centaurs
  2 phantoms
  2 kobold brigands (D:8)
  8 bullfrogs
  2 scorpions
  8 killer bees
  10 wights (D:8)
  2 howler monkeys
  8 hounds
  A jelly (D:5)
  7 orc priests
  4 iguanas
  9 orc wizards
  Terence (D:1)
  7 worker ants
  A centaur simulacrum (D:3)
  A mummy (D:9)
  7 gnolls
  8 adders
  5 shadow imps
  2 white imps (D:6)
  A worker ant simulacrum (D:3)
  An ufetubus (D:5)
  2 oozes (D:3)
  An adder skeleton (D:9)
  An adder zombie (D:5)
  2 worms
  3 dart slugs
  7 leopard geckos
  32 orcs
  8 bats
  4 giant cockroaches
  9 goblins
  10 hobgoblins
  6 jackals
  2 quokkas
  A ball python simulacrum (D:3)
  6 frilled lizards
  19 kobolds
  3 leopard gecko simulacra (D:3)
  A leopard gecko skeleton (D:6)
  A quokka zombie (D:8)
  7 rats
266 creatures vanquished.

Vanquished Creatures (others)
  An orc wizard (D:4)
  3 fungi (Lair:1)
  53 plants
57 creatures vanquished.

Grand Total: 323 creatures vanquished

Notes
Turn   | Place    | Note
-------+----------+-------------------------------------------
     0 | D:1      | jiml777 the Demonspawn Air Elementalist began the quest for
                  | the Orb.
     0 | D:1      | Reached XP level 1. HP: 13/13 MP: 3/3
   326 | D:1      | Gained mutation: You are partially covered in icy blue
                  | scales. (AC +2) [demonic ancestry]
   326 | D:1      | Reached XP level 2. HP: 19/19 MP: 3/5
   678 | D:1      | You fall into a shaft and drop 1 floor!
   678 | D:2      | Noticed Terence
   767 | D:1      | Killed Terence
   768 | D:1      | Gained mutation: You have a pair of small horns on your
                  | head. [demonic ancestry]
   768 | D:1      | Reached XP level 3. HP: 1/24 MP: 0/7
  1121 | D:2      | Learned a level 2 spell: Swiftness
  1125 | D:2      | Learned a level 3 spell: Static Discharge
  1313 | D:2      | Reached XP level 4. HP: 30/30 MP: 0/8
  2329 | D:3      | Reached skill level 3 in Spellcasting
  2345 | D:3      | Gained mutation: Spells you cast may paralyse adjacent
                  | enemies. [demonic ancestry]
  2345 | D:3      | Reached XP level 5. HP: 35/35 MP: 1/9
  2553 | D:3      | Found a broken altar of Ashenzari.
  2574 | D:3      | Learned a level 4 spell: Airstrike
  3112 | D:3      | Reached skill level 1 in Evocations
  3286 | D:3      | Noticed garrulousMonolith's ghost (amateur OpVM)
  3307 | D:3      | Found a runed translucent gate.
  3307 | D:3      | Found a runed translucent gate.
  3307 | D:3      | Found a runed translucent gate.
  3486 | D:3      | Reached XP level 6. HP: 41/41 MP: 8/10
  4218 | D:4      | Identified the +0 chain mail of Qipulu {+Blink rN+ Will-}
  4821 | D:4      | Reached XP level 7. HP: 46/46 MP: 9/12
  4885 | D:4      | Reached skill level 4 in Spellcasting
  5308 | D:4      | Got a smoking spear
  5308 | D:4      | Identified the +4 spear of Hyny {vorpal, +Rage rPois Will+
                  | Int+3} (You found it on level 4 of the Dungeon)
  5478 | D:4      | Reached skill level 5 in Air Magic
  5872 | D:5      | Entered Level 5 of the Dungeon
  6002 | D:5      | Reached XP level 8. HP: 53/53 MP: 3/15
  6115 | D:5      | Reached skill level 5 in Spellcasting
  7294 | D:5      | Found a blossoming altar of Fedhas.
  7419 | D:3      | Killed garrulousMonolith's ghost
  7420 | D:3      | Reached skill level 1 in Polearms
  7420 | D:3      | Reached skill level 6 in Spellcasting
  7746 | D:6      | Gained mutation: You are partially covered in sharp spines.
                  | [demonic ancestry]
  7746 | D:6      | Reached XP level 9. HP: 58/58 MP: 3/18
  8032 | D:6      | Reached skill level 5 in Evocations
  8039 | D:6      | Found a staircase to the Ecumenical Temple.
  8259 | D:6      | Reached skill level 7 in Spellcasting
  8481 | D:6      | Noticed Maggie
  8491 | D:6      | Killed Maggie
  8492 | D:6      | Reached skill level 1 in Fighting
  9403 | D:7      | Learned a level 5 spell: Lightning Bolt
 10251 | D:8      | Gained mutation: You have a pair of horns on your head.
                  | [demonic ancestry]
 10251 | D:8      | Reached XP level 10. HP: 17/63 MP: 1/21
 10285 | D:8      | Reached skill level 8 in Spellcasting
 10500 | D:8      | Found Gozag's Platinum Reserve.
 10502 | D:8      | Found an opulent altar of Gozag.
 11294 | D:8      | Reached skill level 5 in Conjurations
 12170 | D:9      | Found a glowing golden altar of the Shining One.
 12182 | D:9      | Found an ancient bone altar of Kikubaaqudgha.
 12182 | D:9      | Noticed an oklob plant
 12207 | D:9      | Killed an oklob plant
 12708 | D:9      | Found a snail-covered altar of Cheibriados.
 12831 | Temple   | Entered the Ecumenical Temple
 12846 | Temple   | Became a worshipper of Sif Muna the Loreminder
 12982 | D:9      | Found a staircase to the Lair.
 13210 | Lair:1   | Entered Level 1 of the Lair of Beasts
 13294 | Lair:1   | Reached skill level 9 in Spellcasting
 13363 | Lair:1   | Reached XP level 11. HP: 34/71 MP: 0/24
 13859 | Lair:1   | Noticed an eight-headed hydra
 13874 | Lair:1   | Mangled by an eight-headed hydra

Illustrated notes

Levels and vault maps discovered:
D:1:      saegor_arrival_simple_d, layout_basic, minmay_tromino_v4_a
D:2:      layout_rooms, uniq_terence
D:3:      layout_rooms, gammafunk_ghost_icy, evilmike_ruin_ashenzari
D:4:      layout_loops_ring
D:5:      cheibrodos_helix_gallery, layout_rooms, grunt_ministairs_1,
          serial_park_tiny_pond, fedhas_altar_4
D:6:      layout_cave_pools, minmay_temple_entry_ruins,
          hangedman_decor_opposing, minivault_4, uniq_maggie
D:7:      layout_basic
D:8:      layout_cave_pools, nicolae_gozag_zags_fifth_avenue
D:9:      layout_big_octagon, slow_altar_2, david_lair_shrubbed, basic_altar,
          lemuel_oklob_altar
Temple:   compressed_dpeg_triangle_lava_temple
Lair:1:   layout_loops_ring, hellmonk_ghost_happy_afterlife, grunt_megastairs_2,
          lemuel_fruit_fields

Skill      XL: |  1  2  3  4  5  6  7  8  9 10 |
---------------+-------------------------------+-----
Stealth        | 2 3 4 |  4.9
Air Magic      | 3 4 5 6 7 8 |  8.4
Dodging        | 2 3 |  3.3
Conjurations   | 2 3 4 5 |  5.9
Spellcasting   | 3 4 6 7 9 |  9.3
Evocations     | 1 2 3 4 6 7 |  7.9
Polearms       | 1 2 |  2.4
Fighting       | 1 |  1.8

Action                   |  1- 3 |  4- 6 |  7- 9 | 10-12 || total
-------------------------+-------+-------+-------+-------++-------
Melee: Dagger            |     2 |    16 |     8 |       ||    26
       Headbutt          |       |     4 |    11 |    20 ||    35
       Spear             |       |       |    57 |   143 ||   200
 Cast: Shock             |    55 |   140 |    88 |    73 ||   356
       Airstrike         |       |     7 |    84 |    51 ||   142
       Swiftness         |       |       |     2 |       ||     2
       Static Discharge  |       |       |     4 |     5 ||     9
       Lightning Bolt    |       |       |       |     1 ||     1
  Use: Scroll            |       |     3 |     5 |    15 ||    23
       Potion            |       |     1 |     2 |     6 ||     9
 Stab: Paralysed         |       |       |     5 |    30 ||    35
       Distracted        |       |       |       |     1 ||     1
Armor: Robe              |    14 |    25 |    34 |    50 ||   123
Dodge: Dodged            |    32 |    24 |    60 |    80 ||   196

Table legend: (Time is in decaauts)
 A = Elapsed time spent in this place.
 B = Non-inter-level travel time spent in this place.
 C = Inter-level travel time spent in this place.
 D = Time resting spent in this place.
 E = Time spent auto-exploring this place.
 F = Levels seen in this place.
 G = Mean time per level.
                   A        B        C        D        E       F      G
               +--------+--------+--------+--------+--------+-----+--------+
         Total |  13871 |  13578 |    293 |   7665 |   2787 |  11 | 1261.0 |
       Dungeon |  13192 |  12900 |    292 |   7190 |   2787 |   9 | 1465.8 |
        Temple |     30 |     30 |      0 |      0 |      0 |   1 |   30.0 |
          Lair |    648 |    648 |      0 |    475 |      0 |   1 |  648.0 |
               +--------+--------+--------+--------+--------+-----+--------+

Top non-repeatable levels by time:
     D:4: 2178 daAuts
     D:7: 1689 daAuts
     D:5: 1574 daAuts
     D:8: 1487 daAuts
     D:2: 1457 daAuts
     D:3: 1457 daAuts
     D:6: 1185 daAuts
     D:9: 1125 daAuts
     D:1: 1037 daAuts
  Lair:1: 648 daAuts
  Temple: 30 daAuts
